 Dungeon Crawl Stone Soup version 0.31-a0-152-g6aa68a64a1 (webtiles) character file.

Game seed: 3925565982554043577

39 qw the Shooter (level 3, -2/31 HPs)
             Began as a Minotaur Hunter on June 9, 2023.
             Slain by a kobold
             ... wielding a +2 dagger of speed
              (3 damage)
             ... on level 2 of the Dungeon.
             The game lasted 00:00:26 (1004 turns).

qw the Shooter (Minotaur Hunter)                    Turns: 1004, Time: 00:00:26

Health: -2/31      AC:  5    Str: 15    XL:     3   Next: 28%
Magic:  2/2        EV: 11    Int:  6    God:
Gold:   125        SH:  0    Dex: 15    Spells: 2/2 levels left

rFire   . . .        Y - +0 shortbow
rCold   . . .        (shield currently unavailable)
rNeg    . . .        f - +0 ring mail
rPois   .            (helmet unavailable)
rElec   .            (no cloak)
rCorr   .            (no gloves)
SInv    .            (no boots)
Will    .....        (no amulet)
Stlth   +            (no ring)
HPRegen 0.25/turn    (no ring)
MPRegen 0.08/turn

%: no passive effects
@: no status effects
A: horns 3, retaliatory headbutt, wild magic 1
a: no special abilities


You were on level 2 of the Dungeon.
You visited 1 branch of the dungeon, and saw 2 of its levels.

You collected 153 gold pieces.
You spent 28 gold pieces at shops.


Innate Abilities, Weirdness & Mutations

You have a pair of large horns on your head.
You reflexively headbutt those who attack you in melee.
Your spells are a little harder to cast, but a little more powerful.


   Skills:
 - Level 3.0 Fighting
 + Level 5.3 Ranged Weapons
 - Level 1.0 Armour
 - Level 2.1 Dodging
 - Level 0.7 Stealth


You had 2 spell levels left.
You didn't know any spells.
Your spell library was empty.

Inventory:

Hand Weapons
 Y - a +0 shortbow (weapon)
Armour
 f - a +0 ring mail (worn)
Scrolls
 a - a scroll of fear {unknown}
 d - a scroll of identify
Potions
 b - a potion of heal wounds {unknown}
 c - a potion of berserk rage {unknown}
 e - a potion of curing
 h - a potion of mutation

Dungeon Overview and Level Annotations

Branches:
Dungeon (2/15)

Altars:

Shops:
D:1 *


Message History

The arrow hits the kobold but does no damage.
The kobold hits you but does no damage.
You shoot an arrow.
The arrow hits the kobold but does no damage.
The kobold barely misses you.
You shoot an arrow. The arrow completely misses the kobold.
The kobold hits you with a +0 dagger.
You shoot an arrow. The arrow closely misses the kobold.
The arrow barely misses the kobold.
The kobold hits you but does no damage. The kobold closely misses you.
The kobold barely misses you. You furiously retaliate!
You headbutt the kobold. The kobold hits you but does no damage.
You shoot an arrow. The arrow hits the kobold.
You kill the kobold!
The kobold hits you with a +0 whip. The kobold barely misses you. x2
The kobold hits you but does no damage. x2; The kobold hits you with a +0 whip.
You shoot an arrow. The arrow barely misses the kobold.
The kobold hits you but does no damage. The kobold misses you. x2
You shoot an arrow. The arrow closely misses the kobold.
The kobold hits you with a +2 dagger of speed.
The kobold barely misses you. The kobold closely misses you.
The kobold barely misses you.
You shoot an arrow. The arrow barely misses the kobold.
The kobold hits you with a +2 dagger of speed.
The kobold hits you but does no damage. The kobold hits you with a +0 whip.
The kobold hits you but does no damage.
You shoot an arrow. The arrow barely misses the kobold.
The kobold hits you with a +2 dagger of speed.
The kobold hits you with a +0 whip. x2; The kobold hits you but does no damage.
You shoot an arrow. The arrow hits the kobold.
The kobold is heavily wounded.
The kobold barely misses you. The kobold hits you but does no damage.
The kobold hits you with a +2 dagger of speed.
The kobold hits you but does no damage.
The kobold hits you with a +2 dagger of speed.
The kobold closely misses you.
You shoot an arrow. The arrow hits the kobold.
You kill the kobold!
The kobold hits you with a +2 dagger of speed.
You die...

### #### #.# #..##
#.# #...### #.#
#.#...###.##
#.###......######
###.#######......)###
#...#..<###.##..@K..#
.........##.####)K'##
..........#.# #...#
..........#.# ...).#
####### ..........#.#
.....(##....<#
.........##.#
.......##.....#
#...#...###.
.......##...>.#
######..##..
#...$...##.....# ###
#..##.# ##....#


You could see 2 kobolds.

Vanquished Creatures
  A worm (D:1)
  An endoplasm (D:1)
  2 giant cockroaches
  3 goblins
  4 hobgoblins
  2 jackals (D:2)
  6 kobolds
  2 quokkas (D:1)
  3 ball pythons (D:1)
  3 bats
  3 frilled lizards (D:1)
  5 rats
35 creatures vanquished.

Notes
Turn   | Place    | Note
-------+----------+-------------------------------------------
     0 | D:1      | qw the Minotaur Hunter began the quest for the Orb.
     0 | D:1      | Reached XP level 1. HP: 18/18 MP: 0/0
     0 | D:1      | 0 ||| qw: Version: 0.2-a-122-gbc61b45
     0 | D:1      | 0 ||| qw: Game counter: 3299
     0 | D:1      | 0 ||| qw: Always use a shield: true
     0 | D:1      | 0 ||| qw: God list: Okawaru
     0 | D:1      | 0 ||| qw: Allow faded altars: false
     0 | D:1      | 0 ||| qw: Do Orc after D:15 true
     0 | D:1      | 0 ||| qw: Do second Lair branch before Depths: true
     0 | D:1      | 0 ||| qw: Lair rune preference: random
     0 | D:1      | 0 ||| qw: Plans: Normal
     0 | D:1      | 0 ||| PLANNING D:1-11
   109 | D:1      | Found Honkigh's General Store.
   118 | D:1      | 118 ||| SHOPLISTING +0 cloak of willpower (161 gold, have
                  | 42).
   118 | D:1      | 118 ||| BUYING scroll of identify (28 gold).
   118 | D:1      | Bought a scroll of identify for 28 gold pieces
   133 | D:1      | Reached XP level 2. HP: 25/25 MP: 1/1
   160 | D:1      | Reached skill level 5 in Ranged Weapons
   500 | D:1      | 500 ||| UPGRADING to +0 ring mail.
   510 | D:1      | 510 ||| DROPPING +0 leather armour.
   511 | D:1      | 511 ||| READING scroll labelled DUQUYN NIANGI.
   512 | D:1      | 512 ||| READING scroll labelled MAUDEH JOLEOMULIU.
   513 | D:1      | 513 ||| DRINKING 2 white potions.
   513 | D:1      | Gained mutation: You have a pair of large horns on your
                  | head. [potion of mutation]
   513 | D:1      | Gained mutation: Your spells are a little harder to cast,
                  | but a little more powerful. [potion of mutation]
   514 | D:1      | 514 ||| READING 2 scrolls of identify.
   514 | D:1      | 514 ||| IDENTIFYING bubbling coppery potion
   515 | D:1      | 515 ||| DROPPING scroll of butterflies.
   621 | D:2      | 621 ||| STAIRDANCE
   724 | D:2      | Reached skill level 1 in Armour
   731 | D:2      | Reached skill level 3 in Fighting
   764 | D:2      | Reached XP level 3. HP: 31/31 MP: 2/2
  1002 | D:2      | HP: 7/31 [kobold/+0 whip (3)]
  1003 | D:2      | HP: 1/31 [kobold/+2 dagger of speed (4)]
  1004 | D:2      | Slain by a kobold

Levels and vault maps discovered:
D:1:      saegor_arrival_simple_b, layout_basic, serial_shops, shop
D:2:      cheibrodos_fertilizer, layout_rooms

Skill      XL: |  1  2 |
---------------+-------+-----
Ranged Weapons | 5 |  5.3
Armour         | 1 |  1.0
Fighting       | 3 |  3.0
Dodging        | |  2.1
Stealth        | |  0.7

Action                     || total
---------------------------++-------
   Fire: Shortbow          ||   103
    Use: Scroll            ||     3
         Potion            ||     1
 Armour: Ring mail         ||    19
         Leather armour    ||     2
  Dodge: Dodged            ||    47

Table legend:
 A = Non-vault XP
 B = Vault XP
 C = Vault XP percentage of total XP
 D = Non-vault monster count
 E = Vault monster count
 F = Vault count percentage of total count
                 A         B        C        D         E       F
            +---------+---------+-------+---------+---------+-------
      Total |      54 |       5 |   8.5 |      32 |       3 |   8.6
            +---------+---------+-------+---------+---------+-------
        D:1 |      33 |       0 |   0.0 |      19 |       0 |   0.0
        D:2 |      21 |       5 |  19.2 |      13 |       3 |  18.8
            +---------+---------+-------+---------+---------+-------
